AoeStats
← tomitom

Arabia

510456818Analyzed
3v3 RM · 12h ago on Oct 1, 2026· 46m 0s· 6 players
Game mode
Random Map
Map size
Normal (6 player)
Population
200
Speed
Normal
Resources
Standard
Victory
Conquest
Starting age
Dark Age
Ending age
Imperial Age
RankedLock teamsTeams togetherTeam positionsShared explorationLock speedFull tech treeHidden civsTurbo modeCheats
Victory
Defeat
🇵🇪 Slavs · Peru
1396
+12
🇧🇷 Persians · Brazil
1385
+12
🇨🇴 Mongols · Colombia
1339
+14
🇲🇽 Vietnamese · Mexico
1317
-13
🇵🇹 Ethiopians · Portugal
1306
-13
🇺🇸 Huns · United States
1286
-12
batbeetch
4:04 Loom
9:55 Feudal Age
10:32 Double-Bit Axe
15:53 Padded Archer Armor
16:44 Gold Mining
16:41 Town Watch
18:56 Wheelbarrow
18:39 Fletching
19:55 Horse Collar
25:09 Castle Age
24:32 Forging
25:31 Scale Mail Armor
26:57 Iron Casting
25:43 Crossbowman
26:19 Bodkin Arrow
26:53 Bow Saw
27:49 Squires
28:55 Hand Cart
29:20 Leather Archer Armor
30:16 Stone Mining
32:08 Chain Mail Armor
31:39 Arson
33:52 Pikeman
36:58 Heavy Plow
38:01 Ballistics
44:33 Imperial Age
44:01 Thumb Ring
44:02 Scale Barding Armor
44:55 Halberdier
46:24 Bloodlines
46:14 Husbandry
45:35 Elite Battle Elephant
46:37 Chain Barding Armor
Speed_of_Anarchy
3:12 Loom
9:59 Feudal Age
11:04 Double-Bit Axe
11:43 Horse Collar
19:01 Forging
20:34 Wheelbarrow
23:59 Castle Age
22:23 Scale Mail Armor
22:30 Scale Barding Armor
22:27 Gold Mining
23:22 Bloodlines
27:11 Husbandry
27:39 Chain Barding Armor
27:55 Iron Casting
29:25 Gold Shaft Mining
28:52 Heavy Plow
29:05 Bow Saw
31:57 Light Cavalry
43:43 Imperial Age
44:01 Hand Cart
43:31 Town Watch
44:07 Cavalier
1of4kind
6:01 Loom
9:23 Feudal Age
9:59 Double-Bit Axe
12:28 Fletching
12:39 Padded Archer Armor
22:07 Castle Age
22:30 Gold Mining
22:46 Bodkin Arrow
22:19 Crossbowman
23:15 Bow Saw
25:57 Wheelbarrow
26:19 Leather Archer Armor
27:20 Horse Collar
28:25 Ballistics
31:51 Thumb Ring
31:57 Town Watch
35:56 Hand Cart
40:28 Imperial Age
39:17 Heavy Plow
40:29 Gold Shaft Mining
39:45 Stone Mining
41:34 Conscription
41:16 Bracer
40:38 Arbalester
44:05 Masonry
44:01 Siege Engineers
Guido
5:58 Loom
8:48 Feudal Age
9:14 Double-Bit Axe
9:24 Horse Collar
16:01 Wheelbarrow
20:01 Castle Age
18:33 Bloodlines
20:24 Scale Barding Armor
20:38 Bow Saw
22:27 Husbandry
24:00 Chain Barding Armor
26:20 Heavy Plow
29:13 Forging
30:17 Gold Mining
30:17 Stone Mining
33:09 Iron Casting
33:32 Gold Shaft Mining
37:46 Imperial Age
37:24 Cavalier
38:41 Plate Barding Armor
39:06 Blast Furnace
39:52 Hand Cart
39:22 Town Watch
39:02 Savar
40:32 Conscription
41:19 Fletching
46:12 Ballistics
46:52 Chemistry
45:49 Bodkin Arrow
45:55 Padded Archer Armor
DanielP1lot
7:59 Loom
12:21 Feudal Age
16:21 Castle Age
17:28 Fletching
19:27 Town Watch
22:00 Double-Bit Axe
22:32 Padded Archer Armor
24:33 Leather Archer Armor
25:30 Ballistics
26:00 Bodkin Arrow
30:50 Wheelbarrow
32:24 Hand Cart
33:06 Bloodlines
32:57 Husbandry
34:23 Thumb Ring
37:49 Bow Saw
37:20 Horse Collar
41:38 Imperial Age
42:19 Bracer
43:21 Chemistry
41:46 Onager
45:07 Elite Mangudai
45:15 Light Cavalry
46:37 Conscription
tomitom
5:52 Loom
8:47 Feudal Age
9:23 Double-Bit Axe
22:07 Castle Age
21:46 Horse Collar
22:38 Scale Barding Armor
24:19 Bloodlines
28:11 Bow Saw
34:15 Fletching
39:53 Chain Barding Armor
40:12 Husbandry
43:30 Wheelbarrow
44:23 Forging
Connection lost

Rejoining the realm…

Still unreachable

The connection could not be restored.

Session expired

The server has moved on; the page needs a fresh start.